 Dungeon Crawl Stone Soup version 0.30-b1-7-gcb88a99046 (webtiles) character file.

Game seed: 414436052181168148

18 RascalDebosk the Magician (level 2, -2/24 HPs)
             Began as a Djinni Warper on May 5, 2023.
             Slain by Sigmund
             ... wielding a +0 scythe
              (5 damage)
             ... on level 2 of the Dungeon.
             The game lasted 00:05:07 (898 turns).

RascalDebosk the Magician (Djinni Warper)            Turns: 898, Time: 00:05:07

Health: -2/24      AC:  3    Str: 10    XL:     2   Next: 85%
Gold:   69         EV: 11    Int: 14    God:
                   SH:  0    Dex: 12

rFire   + + .        a - +0 falchion
rCold   x . .        (no shield)
rNeg    . . .        b - +0 leather armour
rPois   ∞            (no helmet)
rElec   .            (no cloak)
rCorr   +            (no gloves)
SInv    .            (boots unavailable)
Will    .....        (no amulet)
Stlth   +            e - ring of resist corrosion
HPRegen 0.24/turn    (no ring)
MPRegen 0.00/turn

%: infuse magic (-3 HP)
@: flying
A: sickness immunity, fire resistance 2, cold vulnerability 1, float, innate
caster, HP casting, extra vitality 1
a: no special abilities


You were on level 2 of the Dungeon.
You visited 1 branch of the dungeon, and saw 2 of its levels.

You collected 69 gold pieces.

Inventory:

Hand Weapons
 a - a +0 falchion (weapon)
Missiles
 d - 7 boomerangs of dispersal (quivered)
 k - a throwing net {@!f}
Armour
 b - a +0 leather armour (worn)
Jewellery
 e - a ring of resist corrosion (left hand)
Scrolls
 c - a scroll of identify {unknown}
 f - a scroll of enchant weapon {unknown}
 g - a scroll of blinking
 h - a scroll of immolation {unknown}
 j - 2 scrolls of enchant armour {unknown}
Potions
 i - 2 potions of curing {unknown}


   Skills:
 * Level 2.4 Fighting
 + Level 2.0 Long Blades
 - Level 0.7 Throwing
 + Level 1.3 Armour
 - Level 2.1 Dodging
 * Level 2.6 Spellcasting


You knew the following spells:

 Your Spells              Type           Power      Damage    Failure   Level
a - Blink                 Tloc           18%        N/A       16%         2
b - Lesser Beckoning      Tloc           18%        N/A       16%         2
c - Vhi's Electric Charg  Tloc/Air       18%        N/A       30%         3
d - Teleport Other        Tloc           9%         N/A       30%         3
e - Manifold Assault      Tloc           9%         N/A       69%         4
Your spell library was empty.

Dungeon Overview and Level Annotations

Branches:
Dungeon (2/15)

Altars:

Annotations:
D:2 Sigmund


Innate Abilities, Weirdness & Mutations

You are immune to sickness and miasma.
You are immune to poison.
Your flesh is very heat resistant. (rF++)
You are vulnerable to cold. (rC-)
You float through the air rather than walking.
You learn spells naturally, not from books.
Your magical power is your life essence.
You have superior vitality. (+4 MHP)


Message History

The bat barely misses you.
Found a throwing net.
The bat hits you. The bat closely misses you.
You closely miss the bat. Your punch misses the bat.
The bat is moderately wounded.
The bat barely misses you.
You hit the bat.
You kill the bat!
k - a throwing net {@!f}
Found a robe.
You reach down and open the door.
There is an open door here.
You reach down and open the door.
A rat and a giant cockroach come into view.
You hit the giant cockroach.
The giant cockroach is lightly wounded.
The giant cockroach bites you but does no damage. x2
You closely miss the giant cockroach.
The giant cockroach is lightly wounded.
The giant cockroach bites you but does no damage.
You hit the giant cockroach.
The giant cockroach is severely wounded.
The giant cockroach bites you.
You completely miss the giant cockroach.
The giant cockroach is severely wounded.
The giant cockroach closely misses you. The giant cockroach bites you.
You closely miss the giant cockroach.
The giant cockroach is severely wounded.
The giant cockroach barely misses you.
You hit the giant cockroach.
You kill the giant cockroach!
Your Long Blades skill increases to level 2!
You hit the rat but do no damage. The rat bites you but does no damage.
You hit the rat.
The rat is moderately wounded.
The rat bites you.
You closely miss the rat.
The rat is moderately wounded.
The rat bites you but does no damage. The rat closely misses you.
You hit the rat.
You kill the rat!
There is an open door, spattered with blood here.
You see here a giant cockroach corpse.
A goblin comes into view. It is wielding a +0 dagger.
The goblin shouts!
Found a ring mail.
You hit the goblin.
You kill the goblin!
Things that are here:
a +0 dagger; a goblin corpse
Found a robe.
You now have 69 gold pieces (gained 14).
There is an open door here.
You reach down and open the door.
There is an open door here.
Done exploring.
Done exploring.
No monsters, items or features are visible.
There is a stone staircase leading down here.
You fly downwards.
Sigmund shouts!
Found a stone staircase leading down.
There is a stone staircase leading up here.
Found a scroll labelled DAMIFA GIPPINI.
Sigmund hits you from afar with a +0 scythe!
Cast which spell? (? or * to list)
Aiming: Lesser Beckoning (safe; 16% risk of failure)
Press: ? - help, Shift-Dir - straight line, f - Sigmund
Aim: Sigmund, wielding a +0 scythe and wearing a +0 robe (100% to hit)
You miscast Lesser Beckoning.
You are very lightly contaminated with residual magic.
Nothing appears to happen.
Sigmund closely misses you.
You hit Sigmund.
Sigmund is lightly wounded.
A kobold comes into view. It is wielding a +0 short sword.
Sigmund hits you with a +0 scythe.
* * * LOW HITPOINT WARNING * * *
You barely miss Sigmund.
Sigmund is lightly wounded.
You barely miss Sigmund.
Sigmund is lightly wounded.
Sigmund closely misses you.
You closely miss Sigmund.
Sigmund is lightly wounded.
Sigmund hits you with a +0 scythe.
* * * LOW HITPOINT WARNING * * *
You closely miss Sigmund.
Sigmund is lightly wounded.
Sigmund gestures at you while chanting. The puff of flame misses you.
You hit Sigmund.
Sigmund is moderately wounded.
Sigmund hits you with a +0 scythe.
* * * LOW HITPOINT WARNING * * *
Your magical contamination has completely faded away.
You hit Sigmund but do no damage.
Sigmund is moderately wounded.
Sigmund hits you with a +0 scythe.
You die...

## ### . ..# ###
#.##.###..>#
##.#......... #
#....<.......
....#.##..#......
#..?.@..# #...#
###.@..## ...
#.#### . #. . .#
.. ..


You could see Sigmund.

Vanquished Creatures
  4 giant cockroaches (D:1)
  A goblin (D:1)
  A quokka (D:1)
  2 ball pythons (D:1)
  4 bats (D:1)
  3 kobolds (D:1)
  A rat (D:1)
16 creatures vanquished.

Notes
Turn   | Place    | Note
-------+----------+-------------------------------------------
     0 | D:1      | RascalDebosk the Djinni Warper began the quest for the Orb.
     0 | D:1      | RascalDebosk set off with the following spells memorised:
                  | Blink, Lesser Beckoning, Vhi's Electric Charge, Teleport
                  | Other, Manifold Assault.
     0 | D:1      | Reached XP level 1. HP: 18/18 MP: 0/0
   270 | D:1      | Reached XP level 2. HP: 20/23 MP: 0/0
   888 | D:2      | Noticed Sigmund
   898 | D:2      | Slain by Sigmund

Illustrated notes

Levels and vault maps discovered:
D:1:      dpeg_arrival_pits, layout_loops_corners
D:2:      layout_loops_cross, basic_altar, shapermc_ecumenical_altar_rom_forum,
          minmay_misc_feat_iff, minmay_distorted, uniq_sigmund, uniq_jessica

Skill      XL: |  1  2 |
---------------+-------+-----
Long Blades    | 2 |  2.0
Fighting       | |  2.4
Throwing       | |  0.7
Armour         | |  1.3
Dodging        | |  2.1
Spellcasting   | |  2.6

Action                     || total
---------------------------++-------
  Melee: Falchion          ||    69
 Armour: Leather armour    ||    16
  Dodge: Dodged            ||    52
